 Dungeon Crawl Stone Soup version 0.29.1-15-g9cfb28693d (webtiles) character file.

Game seed: 18186945850550976580

5288 safid the Frost Mage (level 10, -1/84 HPs)
             Began as a Merfolk Ice Elementalist on Apr 12, 2023.
             Was a Believer of Vehumet.
             Slain by a shadow (23 damage)
             ... on level 8 of the Dungeon.
             The game lasted 00:16:12 (9183 turns).

safid the Frost Mage (Merfolk Ice Elementalist)     Turns: 9183, Time: 00:16:13

Health: -1/84      AC: 18    Str:  9    XL:     10   Next: 63%
Magic:  31/31      EV: 12    Int: 21    God:    Vehumet [**....]
Gold:   29         SH:  0    Dex: 14    Spells: 14/25 levels left

rFire   . . .      SeeInvis .   y - +9 spear "Hapladu" {pain, rElec rC++ Int+2}
rCold   + + .      Faith    .   (no shield)
rNeg    . . .      Spirit   .   a - +0 robe
rPois   .          Reflect  .   u - +2 helmet
rElec   +          Harm     .   z - +0 cloak
rCorr   .          Rampage  +   (no gloves)
Will    +....                   D - +2 pair of boots {rampage}
Stlth   ++........              (no amulet)
HPRegen 0.24/turn               i - ring of magical power
MPRegen 0.22/turn               t - ring of willpower

@: ice-armoured
A: (nimble swimmer 2), mertail
a: Renounce Religion


You were on level 8 of the Dungeon.
You worshipped Vehumet.
Vehumet was pleased with you.
You visited 2 branches of the dungeon, and saw 9 of its levels.

You collected 419 gold pieces.
You spent 390 gold pieces at shops.

Inventory:

Hand Weapons
 y - the +9 spear "Hapladu" (weapon) {pain, rElec rC++ Int+2}
   (You found it on level 5 of the Dungeon)

   In the hands of one skilled in necromantic magic, it inflicts extra damage on
   living creatures.
   Int:       It affects your intelligence (+2).
   rC:        It greatly protects you from cold.
   rElec:     It insulates you from electricity.
 A - the +5 hammer "Kadarr" {freeze, Contam rC+++ Stlth+}
   (You found it on level 5 of the Dungeon)

   It freezes those it strikes, dealing additional cold damage.
   It can also slow down cold-blooded creatures.
   rC:        It renders you almost immune to cold.
   Contam:    It causes magical contamination when unequipped.
   Stlth:     It makes you more stealthy.
Missiles
 c - 3 silver javelins
Armour
 a - a +0 robe (worn)
 u - a +2 helmet (worn)
 z - a +0 cloak (worn)
 B - the +0 helmet of Nadwioc {rElec rF- Will++}
   (You bought it in a shop on level 7 of the Dungeon)

   rF:        It makes you vulnerable to fire.
   rElec:     It insulates you from electricity.
   Will:      It greatly increases your willpower.
 D - a +2 pair of boots of rampaging (worn)
Jewellery
 i - a ring of magical power (left hand)
 t - a ring of willpower (right hand)
 v - a ring of fire
Wands
 n - a wand of flame (11)
 s - a wand of roots (7)
 E - a wand of charming (10)
Scrolls
 d - 3 scrolls of amnesia
 e - 3 scrolls of fear
 f - 2 scrolls of butterflies
 g - a scroll of torment {unknown}
 j - a scroll of enchant armour {unknown}
 k - a scroll of teleportation {unknown}
 l - a scroll of magic mapping {unknown}
 m - 2 scrolls of blinking {unknown}
 p - a scroll of brand weapon {unknown}
Potions
 b - a potion of magic
 h - 2 potions of degeneration {unknown}
 o - 3 potions of flight {unknown}
 q - 2 potions of heal wounds {unknown}
 r - a potion of brilliance {unknown}
 w - 2 potions of ambrosia
 C - a potion of invisibility {unknown}


   Skills:
 + Level 9.7 Fighting
 - Level 2.6 Dodging
 - Level 2.1 Stealth
 + Level 8.4 Spellcasting
 + Level 10.8 Ice Magic


You had 14 spell levels left.
You knew the following spells:

 Your Spells              Type           Power      Damage    Failure   Level
a - Freeze                Ice            100%       1d11      1%          1
b - Frozen Ramparts       Ice            100%       1d16      1%          3
c - Ozocubu's Armour      Ice            53%        N/A       1%          3
d - Hailstorm             Conj/Ice       31%        3d8       9%          4

Your spell library contained the following spells:

 Spells                   Type           Power      Damage    Failure   Level
 Poisonous Vapours        Pois/Air       16%        N/A       12%         2
 Gell's Gravitas          Tloc           8%         N/A       22%         3
 Ignite Poison            Fire/Tmut/Pois 8%         N/A       22%         3
 Lesser Beckoning         Tloc           8%         N/A       22%         3
 Mephitic Cloud           Conj/Pois/Air  8%         N/A       22%         3
 Teleport Other           Tloc           8%         N/A       22%         3
 Freezing Cloud           Conj/Ice/Air   12%        6-21      43%         5
 Passage of Golubria      Tloc           8%         N/A       58%         4
 Silence                  Hex/Air        4%         N/A       91%         5
 Lehudib's Crystal Spear  Conj/Erth      4%         10d3      100%        8


Dungeon Overview and Level Annotations

Branches:
Dungeon (8/15)             Temple (1/1) D:4
   Lair: D:8-11

Altars:
Ashenzari
Cheibriados
Elyvilon
Fedhas
Gozag
Hepliaklqana
Kikubaaqudgha
Makhleb
Nemelex Xobeh
Okawaru
Qazlal
Ru
Trog
Vehumet
Wu Jian
Xom
Yredelemnul
Zin
The Shining One

Shops:
D:3 [   D:7 ([[(*

Annotations:
D:1 1 transporter


Innate Abilities, Weirdness & Mutations

((You are very nimble when in or above water. (Stealth+, EV+, Speed+++)))
Your lower body shifts to a powerful aquatic tail in water.


Message History

You hit something.
The shadow strikes at you from the darkness!
* * * LOW HITPOINT WARNING * * *
Reactivating autopickup.
Unknown command.
You feel better.
The shadow slips into darkness.
The shadow flickers and vanishes!
Deactivating autopickup; reactivate with Ctrl-A.
You feel better.
The shadow strikes at you from the darkness!
Reactivating autopickup.
Press: ? - help, v - describe, . - travel, g - get item
Here: a shadow (almost destroyed)
Items here: ( ) ††.
The floor, spattered with blood.
A shadow is nearby!
Unknown command.
A shadow is nearby!
Unknown command.
You completely miss the shadow.
The shadow is almost destroyed.
The shadow hits you.
You barely miss the shadow.
The shadow is almost destroyed.
The shadow slips into darkness.
The shadow flickers and vanishes!
Deactivating autopickup; reactivate with Ctrl-A.
Your icy armour will break if you move.
Continue?
You hit something but do no damage.
The shadow strikes at you from the darkness!
* * * LOW HITPOINT WARNING * * *
Reactivating autopickup.
You feel better.
The shadow slips into darkness.
The shadow flickers and vanishes!
Deactivating autopickup; reactivate with Ctrl-A.
You feel better.
The shadow strikes at you from the darkness!
You die... #.....P.PPPPP ......# #.PP..PPP.P

#.....# #..P..... #.....#
####....... #.....#
...#...... ### #.....#
....(....# #.. #.....#
........)## #.# #.....#
.......).)#### #.# #......
.[......#{@†.####.# ##..#..
......$).......##.####..#..
.......######..#.....#..#..
...#### ...#.....# #<.#..
.. ##.#..>.###.#.##.. .
#.......# #.#.....
#...)...###.#####.
#............#####
#............#....


There were no monsters in sight!

Vanquished Creatures
  Erica (D:8)
  Pikel (D:6)
  A cyclops (D:8)
  A komodo dragon (D:8)
  Grinder (D:6)
  Eustachio (D:6)
  A vampire mosquito (D:8)
  2 water moccasins
  2 orc warriors (D:7)
  An ice beast (D:6)
  2 sky beasts
  8 black bears
  An ogre (D:5)
  A centaur (D:7)
  2 lemures (D:6)
  2 scorpions
  4 bullfrogs
  2 necrophages
  2 howler monkeys (D:8)
  A jelly (D:4)
  Crazy Yiuf (D:5)
  4 hounds
  7 orc priests
  2 gnoll boudas
  5 orc wizards
  5 iguanas
  17 gnolls
  9 adders
  2 shadow imps (D:7)
  6 white imps
  4 worms
  A dart slug (D:3)
  17 orcs
  2 ball pythons
  7 endoplasms
  4 giant cockroaches
  8 goblins
  4 hobgoblins
  6 jackals
  6 kobolds
  A quokka (D:1)
  6 bats
  3 frilled lizards
  3 rats
167 creatures vanquished.

Vanquished Creatures (others)
  45 fungi (D:8)
  38 plants (D:8)
83 creatures vanquished.

Grand Total: 250 creatures vanquished

Notes
Turn   | Place    | Note
-------+----------+-------------------------------------------
     0 | D:1      | safid the Merfolk Ice Elementalist began the quest for the
                  | Orb.
     0 | D:1      | Reached XP level 1. HP: 13/13 MP: 3/3
   205 | D:1      | Reached XP level 2. HP: 1/20 MP: 1/5
   540 | D:1      | Reached skill level 1 in Fighting
  1203 | D:1      | Found a faded altar of an unknown god.
  1801 | D:2      | Reached XP level 3. HP: 26/26 MP: 6/6
  2586 | D:2      | Identified the +2 robe of the Lion {rF- Str+5}
  2603 | D:2      | Reached skill level 5 in Ice Magic
  2610 | D:2      | Learned a level 3 spell: Frozen Ramparts
  2614 | D:2      | Learned a level 3 spell: Ozocubu's Armour
  2972 | D:2      | Reached XP level 4. HP: 29/33 MP: 8/8
  3675 | D:3      | Found Laohupracs's Armour Shoppe.
  3923 | D:4      | Found an ancient bone altar of Kikubaaqudgha.
  3935 | D:4      | Reached XP level 5. HP: 39/39 MP: 9/9
  4219 | D:4      | Found a staircase to the Ecumenical Temple.
  4229 | Temple   | Entered the Ecumenical Temple
  4299 | Temple   | Became a worshipper of Vehumet
  4341 | D:4      | Noticed a sky beast
  4350 | D:4      | Killed a sky beast
  4351 | D:4      | Reached XP level 6. HP: 37/47 MP: 10/11
  4426 | D:4      | Reached skill level 6 in Ice Magic
  4612 | D:4      | Noticed a black bear
  4622 | D:4      | Killed a black bear
  4623 | D:4      | Reached XP level 7. HP: 37/54 MP: 13/13
  5196 | D:5      | Entered Level 5 of the Dungeon
  5518 | D:5      | Learned a level 4 spell: Hailstorm
  5561 | D:5      | Identified the +9 spear "Hapladu" {pain, rElec rC++ Int+2}
  5673 | D:5      | Found a runed translucent door.
  5674 | D:5      | Noticed Crazy Yiuf
  6003 | D:5      | Reached skill level 5 in Fighting
  6062 | D:5      | Reached skill level 7 in Ice Magic
  6271 | D:5      | Reached XP level 8. HP: 62/62 MP: 15/15
  6427 | D:5      | Killed Crazy Yiuf
  6428 | D:5      | Reached skill level 5 in Spellcasting
  6433 | D:5      | Identified the +5 hammer "Kadarr" {freeze, Contam rC+++
                  | Stlth+}
  6707 | D:6      | Reached * piety under Vehumet
  6707 | D:6      | Offered knowledge of Magic Dart by Vehumet.
  6930 | D:6      | Noticed Pikel
  7029 | D:6      | Killed Pikel
  7030 | D:6      | Reached skill level 8 in Ice Magic
  7173 | D:6      | Noticed Grinder
  7223 | D:6      | Reached XP level 9. HP: 71/71 MP: 18/18
  7268 | D:6      | Paralysed by Grinder for 5 turns
  7278 | D:6      | Killed Grinder
  7381 | D:6      | Noticed Eustachio
  7403 | D:6      | Killed Eustachio
  7404 | D:6      | Reached skill level 9 in Ice Magic
  7929 | D:7      | Found Tueczeji's Antique Armour Shop.
  7940 | D:7      | Bought a fine helmet for 218 gold pieces
  7940 | D:7      | Identified the +0 helmet of Nadwioc {rElec rF- Will++} (You
                  | bought it in a shop on level 7 of the Dungeon)
  8107 | D:7      | Offered knowledge of Poisonous Vapours by Vehumet.
  8157 | D:7      | Found Giuwk's Antique Weapon Emporium.
  8183 | D:7      | Found Gouhics's Armour Shoppe.
  8202 | D:7      | Found Porch's Weapon Boutique.
  8226 | D:7      | Reached ** piety under Vehumet
  8489 | D:7      | Bought a pair of runed boots for 172 gold pieces
  8666 | D:7      | Found Hiaschai's Assorted Antiques.
  8978 | D:8      | Reached XP level 10. HP: 79/82 MP: 21/21
  8990 | D:8      | Reached skill level 10 in Ice Magic
  9005 | D:8      | Noticed a cyclops
  9019 | D:8      | Killed a cyclops
  9049 | D:8      | Noticed Erica
  9055 | D:8      | Killed Erica
  9176 | D:8      | HP: 1/84 [something (22)]
  9181 | D:8      | HP: 1/84 [something (21)]
  9183 | D:8      | Slain by a shadow

Illustrated notes

Levels and vault maps discovered:
D:1:      spicycebolla_arrival_risky_transporter, layout_basic,
          shapermc_ecumenical_altar_acropolis, nicolae_hexahallways,
          dk_noncrumbling_2, corexii_hall_statues_x
D:2:      layout_loops_ring
D:3:      layout_basic, serial_shops, shop, serial_bayou_lagoon_b
D:4:      layout_loops_ring, kiku_gazebo_pond_becter, minmay_temple_entry_hall,
          roderic_nine_men_s_morris
D:5:      layout_loops_corners, uniq_crazy_yiuf_cottage
D:6:      layout_basic, grunt_ministairs_14, chequers_jeans,
          minmay_misc_feat_ornament, kennysheep_dice, uniq_grinder, uniq_pikel,
          uniq_eustachio
D:7:      layout_loops_ring, serial_shops, kennysheep_little_box,
          nicolae_shop_trees, shop, shop, nicolae_shop_behind_doors
D:8:      layout_basic, due_lair_maze_entry_diamond, minmay_misc_feat_room,
          kb_rosetta, uniq_erica
Temple:   compressed_dpeg_circular_temple

Skill      XL: |  1  2  3  4  5  6  7  8  9 10 |
---------------+-------------------------------+-----
Fighting       | 1 2 3 4 5 6 8 9 |  9.7
Ice Magic      | 5 6 7 8 9 10 | 10.8
Spellcasting   | 3 4 6 7 8 |  8.4
Dodging        | |  2.6
Stealth        | |  2.1

Action                   |  1- 3 |  4- 6 |  7- 9 | 10-12 || total
-------------------------+-------+-------+-------+-------++-------
Melee: Dagger            |    77 |    80 |    22 |       ||   179
       Punch             |     1 |     1 |     3 |     1 ||     6
       Unarmed           |     1 |       |       |       ||     1
       Spear             |       |       |   134 |    38 ||   172
 Cast: Freeze            |    23 |     1 |     2 |     5 ||    31
       Frozen Ramparts   |       |     8 |    33 |    10 ||    51
       Ozocubu's Armour  |       |     3 |    27 |     3 ||    33
  Use: Potion            |     4 |       |       |     4 ||     8
       Scroll            |       |       |     5 |       ||     5
 Stab: Sleeping          |     5 |     9 |     2 |       ||    16
       Distracted        |       |     1 |       |       ||     1
Armor: Robe              |    19 |    19 |    51 |     9 ||    98
Dodge: Dodged            |    60 |    50 |    56 |    14 ||   180
